[Event "ICC tourney 2802 (60 5)"]
[Site "Internet Chess Club"]
[Date "2022.01.22"]
[Round "1"]
[White "S.M, UMER:uncrackable"]
[Black "RADHAKRISHNAN, SHARATH:Sharathrk5"]
[Result "1-0"]
[ICCResult "Black resigns"]
[WhiteElo "1794"]
[BlackElo "1528"]
[Opening "Queen's bishop game"]
[ECO "D02"]
[NIC "QP.08"]
[Time "11:00:30"]
[PlyCount "69"]
[TimeControl "3600+5"]

1. d4 d5 2. Nf3 Nf6 3. Bf4 c5 4. e3 Nc6 5. Nbd2 e6 6. c3 Bd6 7. Bg3 O-O 8.
Bd3 c4 9. Bc2 Re8 10. Ne5 Qc7 11. f4 b5 12. O-O b4 13. Bh4 Be7 14. Bxf6 Bxf6
15. Nxc6 b3 16. axb3 Qxc6 17. bxc4 Qb7 18. b4 Bd7 19. Qb1 h6 20. c5 Bb5 21.
Bd3 a6 22. Nb3 Bd8 23. Rf2 Qd7 24. Rfa2 Bc7 25. Qf1 Rab8 26. Bxb5 axb5 27.
Ra7 f6 28. R1a6 e5 29. Rd6 Qc8 30. Rc6 Rb7 31. Ra1 Qd7 32. Rca6 exf4 33. c6
Qg4 34. cxb7 fxe3 35. Ra8 {Black resigns} 1-0

[Event "ICC tourney 2802 (60 5)"]
[Site "Internet Chess Club"]
[Date "2022.01.22"]
[Round "1"]
[White "SILVESTRE, ROMULO:visionaryman"]
[Black "HE, EDEN:edenhe"]
[Result "1-0"]
[ICCResult "Black checkmated"]
[WhiteElo "1668"]
[BlackElo "1484"]
[Opening "Queen's pawn, Mason variation"]
[ECO "D00"]
[NIC "QP.08"]
[Time "11:04:06"]
[PlyCount "117"]
[TimeControl "3600+5"]

1. d4 d5 2. Bf4 Nf6 3. e3 Bf5 4. Nd2 e6 5. h4 Nbd7 6. Be2 h6 7. c4 Be7 8. c5
O-O 9. g4 Be4 10. f3 Bh7 11. g5 Nh5 12. Bh2 hxg5 13. f4 gxh4 14. Bxh5 Nf6
15. Bf3 Bf5 16. Ne2 c6 17. Nc3 b6 18. b4 bxc5 19. bxc5 Qa5 20. Rc1 Rab8 21.
Qa4 Qxa4 22. Nxa4 Rb4 23. Nc3 Rfb8 24. Nb3 Nd7 25. Na5 Rc8 26. Bg1 Bd8 27.
Nb3 Rcb8 28. Bf2 g5 29. Rg1 f6 30. Bxh4 Kf7 31. fxg5 fxg5 32. Bxg5 Bxg5 33.
Rxg5 Rh8 34. Kf2 Rh2+ 35. Rg2 Rh7 36. Kg1 Rb8 37. Na5 Rc8 38. e4 dxe4 39.
Bxe4 Rch8 40. Kf2 Bxe4 41. Nxe4 Rh4 42. Re1 Ke8 43. Nd6+ Ke7 44. Nxc6+ Kf6
45. Ne4+ Kf7 46. Ng5+ Kf8 47. Nxe6+ Kf7 48. Rg7+ Kf6 49. Rxd7 Rh2+ 50. Ke3
Kxe6 51. Rd6+ Kf7 52. Rf1+ Kg7 53. Rd7+ Kg6 54. Ne5+ Kg5 55. Rg7+ Kh6 56.
Rg6+ Kh5 57. Rf5+ Kh4 58. Rg4+ Kh3 59. Rf3# {Black checkmated} 1-0

[Event "ICC tourney 2802 (60 5)"]
[Site "Internet Chess Club"]
[Date "2022.01.22"]
[Round "1"]
[White "SARAFUDINOV, ANDREY:whyyoutrysohard"]
[Black "ANNAGELDIYEV, ASHYR:Ashyr"]
[Result "1-0"]
[ICCResult "Black resigns"]
[WhiteElo "1498"]
[BlackElo "1712"]
[Opening "King's Indian, 3.Nf3"]
[ECO "D74"]
[NIC "KI.80"]
[Time "11:00:22"]
[PlyCount "61"]
[TimeControl "3600+5"]

1. d4 Nf6 2. c4 g6 3. Nf3 Bg7 4. g3 O-O 5. Bg2 d5 6. cxd5 Nxd5 7. Nc3 Nc6 8.
O-O Bg4 9. h3 Bxf3 10. Bxf3 Nb6 11. d5 Ne5 12. Bg2 Qd7 13. Qc2 f5 14. Rd1
Rad8 15. Bf4 Nec4 16. a4 a5 17. b3 Nd6 18. Rac1 Rfe8 19. e4 Bxc3 20. Qxc3
Nxe4 21. Bxe4 fxe4 22. Bh6 e5 23. dxe6 Qe7 24. Rxd8 Rxd8 25. Qxc7 Qxc7 26.
Rxc7 Nd5 27. Rd7 Re8 28. Rxd5 Rxe6 29. Rd7 Rb6 30. Rg7+ Kh8 31. Rf7
{Black resigns}
1-0

[Event "ICC tourney 2802 (60 5)"]
[Site "Internet Chess Club"]
[Date "2022.01.22"]
[Round "1"]
[White "Mehta, Dhairya  M:Chesschamp27"]
[Black "Vishwa, Susheel:sushivishwa"]
[Result "0-1"]
[ICCResult "White resigns"]
[WhiteElo "1529"]
[BlackElo "1796"]
[Opening "Vienna gambit: Bardeleben variation"]
[ECO "C29"]
[NIC "VG.03"]
[Time "11:00:32"]
[PlyCount "68"]
[TimeControl "3600+5"]

1. e4 e5 2. Nc3 Nf6 3. f4 d5 4. fxe5 Nxe4 5. Qf3 f5 6. exf6 Nxf6 7. d4 Be7
8. Bf4 O-O 9. O-O-O Bg4 10. Qg3 Bxd1 11. Bxc7 Qd7 12. Kxd1 Nc6 13. Be5 Rad8
14. Be2 Nxe5 15. dxe5 Ne4 16. Qe1 Nf2+ 17. Kc1 Nxh1 18. Nf3 Bb4 19. Qxh1
Bxc3 20. bxc3 Qa4 21. Kb1 Rfe8 22. Bd3 h6 23. Qf1 Re6 24. Nd4 Rxe5 25. Qf4
Qe8 26. Nf5 Re1+ 27. Kb2 Re6 28. Qg3 Qf8 29. Nd4 Rb6+ 30. Kc1 Re8 31. Nf5
Qf6 32. h4 Qxc3 33. Ne7+ Kf8 34. Ng6+ Rxg6 {White resigns} 0-1

[Event "ICC tourney 2802 (60 5)"]
[Site "Internet Chess Club"]
[Date "2022.01.22"]
[Round "1"]
[White "LIU, JOSHUA:chessmaster0981"]
[Black "SHANKAR, AASHRITHA VIDHYA:aashushankar"]
[Result "1/2-1/2"]
[ICCResult "Game drawn by mutual agreement"]
[WhiteElo "1654"]
[BlackElo "1403"]
[Opening "Sicilian: Najdorf, Browne variation"]
[ECO "B96"]
[NIC "SI.04"]
[Time "11:00:33"]
[PlyCount "55"]
[TimeControl "3600+5"]

1. e4 c5 2. Nf3 d6 3. d4 cxd4 4. Nxd4 Nf6 5. Nc3 a6 6. Bg5 e6 7. f4 h6 8.
Bh4 Be7 9. Qf3 Qc7 10. O-O-O Nbd7 11. f5 e5 12. Nb3 O-O 13. Bxf6 Nxf6 14. g4
b5 15. h4 b4 16. Ne2 Bb7 17. Ng3 Rfd8 18. Bd3 Rac8 19. Rd2 d5 20. Kb1 dxe4
21. Nxe4 Nxe4 22. Bxe4 Rxd2 23. Nxd2 Bxe4 24. Qxe4 Qc6 25. Qxc6 Rxc6 26. Re1
Bxh4 27. Rxe5 Bf6 28. Rd5 {Game drawn by mutual agreement} 1/2-1/2

[Event "ICC tourney 2802 (60 5)"]
[Site "Internet Chess Club"]
[Date "2022.01.22"]
[Round "1"]
[White "Sriram, Pragyan:pryoda"]
[Black "RAIFE, ASHOK:ashokbidani"]
[Result "0-1"]
[ICCResult "White checkmated"]
[WhiteElo "1362"]
[BlackElo "1644"]
[Opening "Sicilian: accelerated fianchetto, modern variation with Bc4"]
[ECO "B35"]
[NIC "SI.33"]
[Time "11:00:30"]
[PlyCount "62"]
[TimeControl "3600+5"]

1. e4 c5 2. Nf3 g6 3. d4 cxd4 4. Nxd4 Nc6 5. Nc3 Bg7 6. Be3 Nf6 7. Bc4 O-O
8. Bb3 a6 9. O-O d6 10. f3 Nd7 11. Qd2 Nc5 12. Rad1 Bd7 13. Kh1 b5 14. Bd5
Rc8 15. a3 Ne5 16. Bh6 e6 17. Bxg7 Kxg7 18. Ba2 f5 19. b4 Na4 20. Nxa4 bxa4
21. Bxe6 Rc7 22. exf5 gxf5 23. Qf4 Qf6 24. Nxf5+ Kh8 25. Bxd7 Rxd7 26. g4
Qg6 27. Rfe1 h5 28. Rxe5 dxe5 29. Qxe5+ Rg7 30. Rd7 Rxf5 31. gxf5 Qg2#
{White checkmated}
0-1

[Event "ICC tourney 2802 (60 5)"]
[Site "Internet Chess Club"]
[Date "2022.01.22"]
[Round "1"]
[White "SCHWETKE, DOUGLAS:Bilbo"]
[Black "ORYE, MATTHEW:GrandWizard"]
[Result "0-1"]
[ICCResult "White resigns"]
[WhiteElo "1495"]
[BlackElo "1669"]
[Opening "Queen's pawn"]
[ECO "A40"]
[NIC "QO.17"]
[Time "11:01:16"]
[PlyCount "80"]
[TimeControl "3600+5"]

1. d4 f6 2. c4 g6 3. Nc3 c6 4. Nf3 d6 5. Bf4 Bg4 6. e3 h5 7. h3 Bxf3 8. Qxf3
e5 9. dxe5 dxe5 10. Bh2 Qb6 11. O-O-O Nd7 12. Bd3 Ne7 13. Ne4 Bg7 14. Nd6+
Kd8 15. Nf7+ Kc7 16. Nxh8 Rxh8 17. Qe2 Qa5 18. Kb1 f5 19. e4 f4 20. f3 h4
21. Bg1 c5 22. Bf2 Nc6 23. Be1 Qb6 24. Bc3 Nd4 25. Bxd4 exd4 26. Qc2 Ne5 27.
Rhe1 g5 28. Qb3 Qa5 29. Qb5 Qxb5 30. cxb5 c4 31. Bc2 Rd8 32. b3 d3 33. Bxd3
cxd3 34. Rd2 Kb6 35. a4 Ka5 36. Ka2 a6 37. Ka3 axb5 38. axb5 Kxb5 39. Rc1
Ra8+ 40. Kb2 Nc4+ {White resigns} 0-1

[Event "ICC tourney 2802 (60 5)"]
[Site "Internet Chess Club"]
[Date "2022.01.22"]
[Round "1"]
[White "Doan Giang, Nguyen Doan:Doctorstrange04"]
[Black "MISRA, PRAGYAN:SoaringHawk24"]
[Result "0-1"]
[ICCResult "White checkmated"]
[WhiteElo "1685"]
[BlackElo "1498"]
[Opening "Nimzovich-Larsen attack: modern variation"]
[ECO "A01"]
[NIC "VO.08"]
[Time "11:00:33"]
[PlyCount "116"]
[TimeControl "3600+5"]

1. b3 e5 2. Bb2 Nc6 3. c4 Bc5 4. e3 Bb6 5. Nf3 d6 6. Be2 Nf6 7. Nc3 O-O 8.
d3 Re8 9. O-O Bg4 10. a3 a5 11. Rc1 Ne7 12. h3 Bh5 13. Qc2 Bg6 14. Rfd1 Nc6
15. Nh4 Ne7 16. Bf3 c6 17. Na4 Ba7 18. c5 d5 19. Bxe5 Nf5 20. Nxg6 fxg6 21.
d4 Nd7 22. Bh2 Bb8 23. Bxb8 Rxb8 24. Bg4 Rf8 25. e4 dxe4 26. d5 cxd5 27.
Rxd5 Qe7 28. Re1 Nf6 29. Rdd1 Rbd8 30. Nb6 Qf7 31. Bxf5 gxf5 32. Qc4 Qxc4
33. Nxc4 Nd7 34. Rd5 Nf6 35. Rxf5 Rd3 36. Re3 Rxe3 37. fxe3 Ra8 38. Nd6 Ra7
39. Nxe4 Nxe4 40. Rd5 Nf6 41. Rd6 Kf7 42. Rb6 Ke7 43. Rd6 Ne4 44. Rd5 Ke6
45. Rh5 h6 46. Kh2 Ra8 47. b4 Nf6 48. Rh4 Nd5 49. Rg4 Kf7 50. Rd4 Ke6 51.
Rg4 g5 52. h4 axb4 53. axb4 Rg8 54. hxg5 hxg5 55. Rd4 Rg7 56. e4 Nc3 57. Rc4
Ne2 58. c6 Rh7# {White checkmated} 0-1

[Event "ICC tourney 2802 (60 5)"]
[Site "Internet Chess Club"]
[Date "2022.01.22"]
[Round "1"]
[White "HOSSAIN, AZHER:Azher2009"]
[Black "LODH, ANJALI:ChessHawk8"]
[Result "1-0"]
[ICCResult "Black resigns"]
[WhiteElo "1799"]
[BlackElo "1537"]
[Opening "Réti opening"]
[ECO "A30"]
[NIC "QP.10"]
[Time "11:00:27"]
[PlyCount "59"]
[TimeControl "3600+5"]

1. Nf3 c5 2. c4 Nc6 3. d4 cxd4 4. Nxd4 Nf6 5. Nc3 g6 6. e4 d6 7. Be2 Bg7 8.
O-O O-O 9. Be3 Ne5 10. f3 Bd7 11. Qd2 Re8 12. Rac1 a6 13. Rfd1 Rc8 14. b3
Nc6 15. Bf1 Kh8 16. Nde2 Ne5 17. Nd5 Nxd5 18. cxd5 Bb5 19. Rxc8 Qxc8 20. Rc1
Qd7 21. Nd4 Bxf1 22. Kxf1 Rc8 23. h3 Rxc1+ 24. Qxc1 Nd3 25. Qd2 Nc5 26. b4
Bxd4 27. Qxd4+ e5 28. dxe6+ Kg8 29. exd7 Nxd7 30. Qxd6 {Black resigns} 1-0

[Event "ICC tourney 2802 (60 5)"]
[Site "Internet Chess Club"]
[Date "2022.01.22"]
[Round "1"]
[White "WANG, ALEXANDER J:ickyquarter"]
[Black "Mason, Mike W:MikeWMason"]
[Result "1-0"]
[ICCResult "Black checkmated"]
[WhiteElo "1865"]
[BlackElo "1550"]
[Opening "Petrov: Nimzovich attack"]
[ECO "C42"]
[NIC "RG.03"]
[Time "11:00:57"]
[PlyCount "71"]
[TimeControl "3600+5"]

1. e4 e5 2. Nf3 Nf6 3. Nxe5 d6 4. Nf3 Nxe4 5. Nc3 Nxc3 6. dxc3 Be7 7. Bc4
O-O 8. O-O Nc6 9. h3 Be6 10. Bd3 Ne5 11. Nxe5 dxe5 12. Qe2 Bf6 13. Be3 c6
14. a4 Qc7 15. Rad1 Rfd8 16. Be4 g6 17. g4 b6 18. Qf3 Bg7 19. Bxc6 Rac8 20.
Bd5 Bxd5 21. Rxd5 Rxd5 22. Qxd5 Rd8 23. Qf3 Qd7 24. Bg5 e4 25. Qxe4 Re8 26.
Qd3 Qxa4 27. Rd1 h6 28. Be3 Qa2 29. Qd7 Rxe3 30. fxe3 Qxb2 31. Qe8+ Kh7 32.
Rd8 Qc1+ 33. Kg2 Qxc2+ 34. Kf3 g5 35. Qxf7 Qh2 36. Qf5# {Black checkmated}
1-0

[Event "ICC tourney 2802 (60 5)"]
[Site "Internet Chess Club"]
[Date "2022.01.22"]
[Round "1"]
[White "AMMASANI, SMAYAN:Chessamma"]
[Black "ACKERMAN, RYAN:RyanTime"]
[Result "1-0"]
[ICCResult "Black resigns"]
[WhiteElo "1546"]
[BlackElo "1817"]
[Opening "French: Tarrasch, Guimard variation"]
[ECO "C04"]
[NIC "FR.15"]
[Time "11:01:16"]
[PlyCount "70"]
[TimeControl "3600+5"]

1. e4 e6 2. d4 d5 3. Nd2 Nc6 4. Ne2 Nf6 5. e5 Nd7 6. c3 f6 7. exf6 Qxf6 8.
Nf3 Bd6 9. Ng3 O-O 10. Bg5 Qf7 11. Be2 e5 12. dxe5 Ndxe5 13. O-O h6 14. Nxe5
Nxe5 15. Be3 Be6 16. f4 Nc4 17. Bxc4 dxc4 18. f5 Bd5 19. f6 Qe6 20. Qd2 Rxf6
21. Rxf6 gxf6 22. Nh5 Qe5 23. Qxd5+ Kh8 24. Qxe5 Bxe5 25. Rd1 Kh7 26. Bf4
Kg6 27. Bxe5 fxe5 28. Ng3 a5 29. Kf2 a4 30. a3 b5 31. Rd5 b4 32. cxb4 Kf6
33. Ke3 Ke6 34. Rc5 Rd8 35. Rxc4 Rd3+ {Black resigns} 1-0

[Event "ICC tourney 2802 (60 5)"]
[Site "Internet Chess Club"]
[Date "2022.01.22"]
[Round "1"]
[White "LAUSER, JESSICA T:Shakhmatova"]
[Black "HOSUR, SANMITA:phosur"]
[Result "0-1"]
[ICCResult "White resigns"]
[WhiteElo "1623"]
[BlackElo "1299"]
[Opening "Sicilian defense"]
[ECO "B20"]
[NIC "SI.48"]
[Time "11:00:50"]
[PlyCount "86"]
[TimeControl "3600+5"]

1. e4 c5 2. d3 g6 3. Nf3 Bg7 4. g3 Nc6 5. Nbd2 Nf6 6. Bg2 d6 7. h3 Bd7 8.
O-O O-O 9. Re1 Qc7 10. Nf1 b5 11. N3h2 Rac8 12. g4 a5 13. Ng3 b4 14. g5 Ne8
15. Rb1 f6 16. Ng4 Bxg4 17. Qxg4 Kh8 18. f4 fxg5 19. Qxg5 e6 20. Be3 Nd4 21.
c3 Nc2 22. Re2 Nxe3 23. Rxe3 bxc3 24. bxc3 Bxc3 25. Rf3 Ng7 26. f5 exf5 27.
exf5 Bf6 28. Qg4 g5 29. Kh1 Qf7 30. Rf2 Rb8 31. Re1 h6 32. Re6 Nxe6 33. fxe6
Rb1+ 34. Kh2 Qe7 35. Bd5 Bd4 36. Nf5 Qf6 37. Re2 Qxf5 38. e7 Be5+ 39. Rxe5
Qxe5+ 40. Qg3 Rb2+ 41. Bg2 Qxg3+ 42. Kxg3 Rxg2+ 43. Kxg2 Re8 {White resigns}
0-1

[Event "ICC tourney 2802 (60 5)"]
[Site "Internet Chess Club"]
[Date "2022.01.22"]
[Round "1"]
[White "JIMENEZ, LUIS A:eltuna"]
[Black "GEVORGYAN, DAVIT:Davo29"]
[Result "1-0"]
[ICCResult "Black resigns"]
[WhiteElo "1519"]
[BlackElo "1761"]
[Opening "QGD Slav defense: exchange variation"]
[ECO "D10"]
[NIC "SL.01"]
[Time "11:00:23"]
[PlyCount "149"]
[TimeControl "3600+5"]

1. d4 d5 2. c4 c6 3. cxd5 cxd5 4. Bf4 Nc6 5. e3 Nf6 6. Nc3 Bf5 7. Qb3 Na5 8.
Qa4+ Nc6 9. Qb3 Na5 10. Qa4+ Nc6 11. Bb5 Rc8 12. Bxc6+ bxc6 13. Qxa7 e6 14.
Nf3 Be7 15. O-O O-O 16. h3 Ne4 17. Rfc1 c5 18. dxc5 Nxc5 19. Ne2 Ra8 20. Qc7
Qxc7 21. Bxc7 Nd3 22. Rc3 Nxb2 23. Ned4 Bg6 24. Ne5 Bb4 25. Rb3 Bd2 26. Nxg6
hxg6 27. Rxb2 Bc3 28. Rab1 Bxb2 29. Rxb2 Ra4 30. Bd6 Rc4 31. Bxf8 Kxf8 32.
Rc2 Ra4 33. Nb3 Ke7 34. Kf1 Kd6 35. Ke2 Ke5 36. f4+ Kd6 37. Nd4 e5 38. Nb5+
Ke6 39. fxe5 Kxe5 40. Kd3 Ra5 41. Nd4 Ra3+ 42. Kd2 Ke4 43. Nb3 g5 44. Nc5+
Ke5 45. Nd3+ Ke4 46. Nf2+ Ke5 47. Ke2 f5 48. Nd3+ Ke4 49. Nc5+ Ke5 50. Nb3
Ke4 51. Rd2 Ke5 52. Kd3 Ra7 53. Kc3 Ke4 54. Re2 Rc7+ 55. Kd2 Ra7 56. Nc5+
Ke5 57. Kc3 Kd6 58. Kb4 Ra8 59. Nd3 Rb8+ 60. Kc3 Rc8+ 61. Kb3 Rb8+ 62. Nb4
Ke5 63. a4 Ra8 64. Rd2 Ke4 65. Rxd5 g6 66. Rd3 f4 67. exf4 gxf4 68. Rc3 g5
69. Nc6 Kd5 70. Kb4 Kd6 71. a5 Rc8 72. Kb5 Ra8 73. Kb6 Rh8 74. Rd3+ Ke6 75.
a6 {Black resigns} 1-0

[Event "ICC tourney 2802 (60 5)"]
[Site "Internet Chess Club"]
[Date "2022.01.22"]
[Round "1"]
[White "Dixon, Javier:JavierDix"]
[Black "SEBBA, AMITAI:Amitai"]
[Result "0-1"]
[ICCResult "White resigns"]
[WhiteElo "1304"]
[BlackElo "1637"]
[Opening "King's Indian: London system"]
[ECO "A48"]
[NIC "QP.03"]
[Time "11:00:33"]
[PlyCount "54"]
[TimeControl "3600+5"]

1. d4 Nf6 2. Nf3 g6 3. Bf4 Bg7 4. e3 d5 5. Nc3 O-O 6. Be2 Bf5 7. h3 c5 8. g4
Be6 9. dxc5 Qa5 10. Nd4 Ne4 11. Nb3 Bxc3+ 12. bxc3 Qxc3+ 13. Kf1 Nc6 14. f3
Nxc5 15. Nxc5 Qxc5 16. Bh6 Rfd8 17. Rb1 a6 18. Rxb7 d4 19. e4 Nb4 20. Qb1
Nxc2 21. Bd3 Rac8 22. Bxa6 d3 23. Rb5 Ne3+ 24. Bxe3 Qxe3 25. Bxc8 Qe2+ 26.
Kg1 d2 27. Rb4 d1=Q+ {White resigns} 0-1

[Event "ICC tourney 2802 (60 5)"]
[Site "Internet Chess Club"]
[Date "2022.01.22"]
[Round "1"]
[White "Karthi, Jashith:jazzk"]
[Black "GAUDEAU, ALAIN D H:attalone"]
[Result "1/2-1/2"]
[ICCResult "Game drawn by repetition"]
[WhiteElo "1392"]
[BlackElo "1650"]
[Opening "QGD: exchange, positional line"]
[ECO "D35"]
[NIC "QO.16"]
[Time "11:00:37"]
[PlyCount "99"]
[TimeControl "3600+5"]

1. d4 e6 2. c4 d5 3. Nc3 Nf6 4. cxd5 exd5 5. Bg5 Be7 6. e3 O-O 7. Bd3 h6 8.
Bh4 c6 9. Nge2 Nbd7 10. O-O Re8 11. f3 Nf8 12. Bg3 Ne6 13. Rc1 b6 14. Kh1
Bb7 15. e4 dxe4 16. fxe4 Nh5 17. Bf2 Bg5 18. Rb1 Nhf4 19. Nxf4 Nxf4 20. Bc4
Rf8 21. Bg3 Ne6 22. d5 cxd5 23. exd5 Nc5 24. b4 Nd7 25. Ne4 Rc8 26. Nd6 Rxc4
27. Nxc4 Qa8 28. Qe2 Bxd5 29. Nd6 a5 30. bxa5 bxa5 31. Rbd1 Bf6 32. Qd2 Be6
33. Nb5 Bg5 34. Bf4 Bd8 35. Nc7 Bxc7 36. Bxc7 a4 37. Rfe1 Nf6 38. a3 Bb3 39.
Rc1 Ne4 40. Qb2 Qd5 41. Bb6 Ng5 42. Qd4 Qa8 43. Qf2 Ne6 44. Bc5 Nxc5 45.
Qxc5 Bd5 46. Qf2 Bb3 47. Qc5 Bd5 48. Qf2 Bb3 49. Qc5 Bd5 50. Qf2
{Game drawn by repetition}
1/2-1/2

[Event "ICC tourney 2802 (60 5)"]
[Site "Internet Chess Club"]
[Date "2022.01.22"]
[Round "1"]
[White "AYYAPPAN, SANTHOSH:SanthoshA"]
[Black "GUO, ELLA:SunnyCountry"]
[Result "1-0"]
[ICCResult "Black resigns"]
[WhiteElo "1643"]
[BlackElo "1324"]
[Opening "QGD Slav defense: exchange variation"]
[ECO "D13"]
[NIC "SL.01"]
[Time "11:01:16"]
[PlyCount "125"]
[TimeControl "3600+5"]

1. d4 d5 2. c4 c6 3. cxd5 cxd5 4. Nc3 Nf6 5. Nf3 e6 6. Bg5 Be7 7. e3 a6 8.
Bd3 Nbd7 9. O-O O-O 10. Rc1 b5 11. Ne2 Bb7 12. Bxf6 Nxf6 13. Ng3 Rc8 14. Qe2
Bd6 15. Nd2 Qd7 16. Nb3 Qe7 17. a3 Rfe8 18. Na5 Ba8 19. b4 Rc7 20. Nb3 Rec8
21. Nc5 Rc6 22. Qd2 Bxc5 23. dxc5 R6c7 24. f4 Rd8 25. Qe2 Bc6 26. a4 Rb8 27.
axb5 Bxb5 28. Bxb5 Rxb5 29. Qd2 Rc6 30. Ra1 Qb7 31. Ra4 Nd7 32. Ne2 Nxc5 33.
bxc5 Rcxc5 34. Ra2 Rc4 35. Nd4 Rbc5 36. Rfa1 h6 37. Rxa6 Rc3 38. Ra8+ Kh7
39. R8a3 Rxa3 40. Rxa3 Qb1+ 41. Kf2 Qb6 42. Qd3+ g6 43. Ra2 Qc7 44. Rc2
Rxc2+ 45. Qxc2 Qb6 46. h4 Qd8 47. g3 Qf6 48. Nf3 Kg7 49. g4 Qe7 50. Qb2+ Kh7
51. Kg3 f6 52. Qd4 Kg7 53. g5 hxg5 54. hxg5 e5 55. gxf6+ Qxf6 56. Qxe5 Qxe5
57. Nxe5 Kf6 58. Kg4 g5 59. Nd7+ Ke6 60. fxg5 Kxd7 61. Kh5 Ke7 62. Kh6 Kf8
63. Kh7 {Black resigns} 1-0

[Event "ICC tourney 2802 (60 5)"]
[Site "Internet Chess Club"]
[Date "2022.01.22"]
[Round "1"]
[White "DALONZO, JONATHAN:JDD01"]
[Black "QI, JENNY:eevee11"]
[Result "1-0"]
[ICCResult "Black resigns"]
[WhiteElo "1649"]
[BlackElo "1386"]
[Opening "Giuoco Piano"]
[ECO "C50"]
[NIC "IG.02"]
[Time "11:00:24"]
[PlyCount "131"]
[TimeControl "3600+5"]

1. e4 e5 2. Nf3 Nc6 3. Bc4 Bc5 4. O-O Nf6 5. d3 h6 6. c3 Be7 7. a4 a5 8.
Nbd2 O-O 9. Re1 d6 10. h3 Bd7 11. Nf1 Nh7 12. Ne3 Ng5 13. Nd5 Nxf3+ 14. Qxf3
Be6 15. Qg3 Kh8 16. Bd2 Rc8 17. Re2 Bh4 18. Qf3 Bg5 19. Qh5 Bxd2 20. Rxd2
Ne7 21. Rf1 Ng6 22. g3 Qd7 23. Kh2 Bxd5 24. Bxd5 c6 25. Bb3 d5 26. exd5 cxd5
27. Bd1 Qe7 28. Re1 Qg5 29. Qxg5 hxg5 30. Bh5 Rce8 31. Bxg6 fxg6 32. Rde2
Rf3 33. Rd1 Kg8 34. Kg2 Rf6 35. Rde1 Rfe6 36. f3 Kf7 37. d4 Kf6 38. Kf2 Kf5
39. Rxe5+ Rxe5 40. Rxe5+ Rxe5 41. dxe5 Kxe5 42. Ke3 b6 43. b3 Ke6 44. Kd4
Kd6 45. b4 Kc6 46. bxa5 bxa5 47. c4 dxc4 48. Kxc4 Kb6 49. Kd5 Kc7 50. Kc5
Kd7 51. Kb5 Kd6 52. Kxa5 Kc5 53. Ka6 Kc6 54. a5 Kc7 55. Kb5 Kb7 56. a6+ Ka7
57. Ka5 Ka8 58. Kb6 Kb8 59. Kc6 Ka7 60. Kd6 Kxa6 61. Ke6 Kb5 62. Kf7 Kc4 63.
Kxg7 Kd4 64. Kxg6 Ke3 65. Kxg5 Kxf3 66. h4 {Black resigns} 1-0

[Event "ICC tourney 2802 (60 5)"]
[Site "Internet Chess Club"]
[Date "2022.01.22"]
[Round "1"]
[White "XIA, JOSHUA:MathMonkey"]
[Black "SLAGLE, JIM:Jim1108"]
[Result "1-0"]
[ICCResult "Black checkmated"]
[WhiteElo "1414"]
[BlackElo "1664"]
[Opening "French: Tarrasch, closed variation, main line"]
[ECO "C06"]
[NIC "FR.17"]
[Time "11:16:43"]
[PlyCount "125"]
[TimeControl "3600+5"]

1. e4 e6 2. d4 d5 3. Nd2 Nf6 4. e5 Nfd7 5. Bd3 c5 6. c3 Nc6 7. Ne2 cxd4 8.
cxd4 f6 9. Nf4 Nxd4 10. Qh5+ Ke7 11. exf6+ Nxf6 12. Ng6+ hxg6 13. Qxh8 Kf7
14. Qh4 e5 15. Nf3 Nxf3+ 16. gxf3 Bb4+ 17. Qxb4 Qc7 18. Bd2 Bd7 19. Rc1 Bc6
20. Rg1 e4 21. fxe4 Qxh2 22. Rf1 Re8 23. f3 dxe4 24. Qc4+ Re6 25. fxe4 Qh3
26. Kd1 Qg4+ 27. Kc2 Ke8 28. Rg1 Qh3 29. Rh1 Qxd3+ 30. Kxd3 Bxe4+ 31. Kc3
Rc6 32. Qxc6+ Bxc6 33. Rh8+ Kf7 34. Kd4 Ne4 35. Rf1+ Ke6 36. Re8+ Bxe8 37.
Kxe4 Bc6+ 38. Kf4 a6 39. Kg5 Be4 40. Bc3 Bf5 41. Bxg7 Kd5 42. Re1 b5 43. b3
a5 44. Re5+ Kc6 45. Bf6 a4 46. bxa4 bxa4 47. a3 Kd6 48. Ra5 Bc2 49. Kf4 Ke6
50. Bg5 Kd6 51. Ke3 Kc6 52. Kd2 Bb3 53. Ra6+ Kb5 54. Rxg6 Kc4 55. Be3 Kb5
56. Rg4 Ka6 57. Rb4 Ka5 58. Kc3 Ka6 59. Kd4 Ka5 60. Kc5 Ka6 61. Kc6 Bd1 62.
Rb6+ Ka5 63. Bd2# {Black checkmated} 1-0

[Event "ICC tourney 2802 (60 5)"]
[Site "Internet Chess Club"]
[Date "2022.01.22"]
[Round "1"]
[White "LIU, ETHAN:soggydollar"]
[Black "Liao, Connor:che2468"]
[Result "1-0"]
[ICCResult "Black checkmated"]
[WhiteElo "1724"]
[BlackElo "1511"]
[Opening "Sicilian: Richter-Rauzer, Larsen variation"]
[ECO "B60"]
[NIC "SI.27"]
[Time "11:00:24"]
[PlyCount "137"]
[TimeControl "3600+5"]

1. e4 c5 2. Nf3 d6 3. d4 cxd4 4. Nxd4 Nf6 5. Nc3 Nc6 6. Bg5 Bd7 7. f4 Qb6 8.
Nb3 Ng4 9. Qd2 Qe3+ 10. Qxe3 Nxe3 11. Kd2 Nxf1+ 12. Rhxf1 O-O-O 13. Nd5 g6
14. Rae1 Be6 15. c3 Re8 16. Ne3 Rg8 17. Nd4 Nxd4 18. cxd4 Bg7 19. d5 Bd7 20.
Rc1+ Kb8 21. Rc2 f6 22. Bh4 Bh6 23. Bg3 Rc8 24. Rc3 Rxc3 25. bxc3 Rc8 26. c4
Rc5 27. Rc1 Ra5 28. Rc2 b5 29. Kd3 bxc4+ 30. Nxc4 Rc5 31. Kd4 Bb5 32. e5 Kc7
33. Rc3 Bxc4 34. Rxc4 Rxc4+ 35. Kxc4 Bg7 36. e6 Bh6 37. h3 a6 38. Kb4 Kb6
39. Bf2+ Kb7 40. g3 f5 41. Bd4 g5 42. Kc4 gxf4 43. gxf4 Bxf4 44. Bf6 Kc8 45.
Bxe7 Be5 46. Bh4 h6 47. Bf2 f4 48. Kd3 Kd8 49. Ke4 Ke7 50. Kf5 Kf8 51. Kg6
a5 52. Kxh6 a4 53. Kg6 Bc3 54. Kf5 Be5 55. h4 Ke7 56. h5 Kf8 57. Bh4 Ke8 58.
Ke4 Kf8 59. Bg5 Kg7 60. Bxf4 Bxf4 61. Kxf4 Kf8 62. h6 Ke8 63. h7 Ke7 64. Kf5
Kd8 65. h8=Q+ Kc7 66. e7 Kb6 67. e8=Q Kc5 68. Qc6+ Kb4 69. Qhc3#
{Black checkmated}
1-0

[Event "ICC tourney 2802 (60 5)"]
[Site "Internet Chess Club"]
[Date "2022.01.22"]
[Round "2"]
[White "HE, EDEN:edenhe"]
[Black "Doan Giang, Nguyen Doan:Doctorstrange04"]
[Result "0-1"]
[ICCResult "White checkmated"]
[WhiteElo "1484"]
[BlackElo "1685"]
[Opening "Sicilian defense"]
[ECO "B30"]
[NIC "SI.31"]
[Time "14:00:11"]
[PlyCount "126"]
[TimeControl "3600+5"]

1. e4 c5 2. Nf3 Nc6 3. Nc3 g6 4. Bc4 Bg7 5. d3 e6 6. Bd2 Nge7 7. O-O O-O 8.
Bg5 h6 9. Be3 d5 10. exd5 exd5 11. Bxc5 dxc4 12. Re1 cxd3 13. cxd3 Be6 14.
d4 b6 15. Bxe7 Nxe7 16. Qd2 Nd5 17. Rac1 Rc8 18. h3 Nxc3 19. bxc3 Qd5 20. a3
Bxh3 21. gxh3 Qxf3 22. Re3 Qf4 23. Qb2 h5 24. Rd1 Rfd8 25. Red3 h4 26. Kg2
Rd5 27. Qe2 Rg5+ 28. Kh1 Qf5 29. d5 Be5 30. Rf3 Qd7 31. c4 Bd6 32. Qe3 Re5
33. Qd4 Rce8 34. Rg1 Qe7 35. Rg4 Rg5 36. Re3 Re5 37. Rf3 Re4 38. Rxe4 Qxe4
39. Qf6 Re7 40. Kg2 Qe5 41. Qxe5 Rxe5 42. Rd3 Re4 43. Kf3 Rxc4 44. Ke3 Kg7
45. Kf3 g5 46. Ke3 Ra4 47. Kf3 Rxa3 48. Rxa3 Bxa3 49. Ke4 Bd6 50. Kd4 g4 51.
Kc4 gxh3 52. Kb5 h2 53. f3 h1=Q 54. Ka6 Qxf3 55. Kb7 Qxd5+ 56. Ka6 b5 57.
Ka5 Be5 58. Kb4 Qc4+ 59. Ka3 b4+ 60. Ka4 b3+ 61. Ka3 Bd6+ 62. Kb2 Qc2+ 63.
Ka1 Be5# {White checkmated} 0-1

[Event "ICC tourney 2802 (60 5)"]
[Site "Internet Chess Club"]
[Date "2022.01.22"]
[Round "2"]
[White "SARAFUDINOV, ANDREY:whyyoutrysohard"]
[Black "LIU, ETHAN:soggydollar"]
[Result "0-1"]
[ICCResult "White resigns"]
[WhiteElo "1498"]
[BlackElo "1724"]
[Opening "Dutch, 2.Bg5 variation"]
[ECO "A80"]
[NIC "HD.12"]
[Time "14:00:16"]
[PlyCount "26"]
[TimeControl "3600+5"]

1. d4 f5 2. Bg5 h6 3. Bh4 g5 4. e3 Nf6 5. Bg3 Bg7 6. Nc3 O-O 7. h4 g4 8. h5
Qe8 9. f3 d6 10. fxg4 fxg4 11. e4 Nxh5 12. Bf2 Qf7 13. Bc4 d5 {White
resigns} 0-1